 Dungeon Crawl Stone Soup version 0.29-a0-96-g93358da72b (webtiles) character file.

Game seed: 5707947560106358165

7 cyrus the Grave Robber (level 1, -1/13 HPs)
             Began as a Vampire Necromancer on Feb 11, 2022.
             Slain by a quokka (4 damage)
             ... on level 1 of the Dungeon.
             The game lasted 00:02:40 (308 turns).

cyrus the Grave Robber (Vampire Necromancer)         Turns: 308, Time: 00:02:40

Health: -1/13      AC:  2    Str:  7    XL:     1   Next: 83%
Magic:  2/3        EV: 12    Int: 17    God:
Gold:   26         SH:  0    Dex: 14    Spells: 2/4 levels left

rFire   . . .      SeeInvis +   (no weapon)
rCold   . . .      Faith    .   (no shield)
rNeg    . . .      Spirit   .   a - +0 robe
rPois   .          Reflect  .   (no helmet)
rElec   .          Harm     .   (no cloak)
rCorr   .          Rampage  .   (no gloves)
Will    .....                   (no boots)
Stlth   ++........              (no amulet)
HPRegen 0.24/turn               (no ring)
MPRegen 0.08/turn               (no ring)

@: healing quickly
A: alive, fangs 3, see invisible, vampiric 1
a: Exsanguinate


You were on level 1 of the Dungeon.
You visited 1 branch of the dungeon, and saw 1 of its levels.

You collected 26 gold pieces.

Inventory:

Hand Weapons
 d - a +0 dagger
Armour
 a - a +0 robe (worn)
Potions
 e - a potion of heal wounds


   Skills:
 + Level 2.1 Dodging
 + Level 3.2 Stealth
 + Level 2.0 Spellcasting
 + Level 4.7 Necromancy


You had 2 spell levels left.
You knew the following spells:

 Your Spells              Type           Power      Damage    Failure   Level
a - Pain                  Necr           68%        1d7       2%          1
b - Animate Skeleton      Necr           34%        N/A       2%          1

Your spell library contained the following spells:

 Spells                   Type           Power      Damage    Failure   Level
 Vampiric Draining        Necr           17%        2d7       9%          3
 Animate Dead             Necr           8%         N/A       28%         4
 Summon Guardian Golem    Hex/Summ       1%         N/A       50%         3
 Agony                    Necr           17%        N/A       61%         5
 Orb of Destruction       Conj           0%         9d5       100%        7
 Spellforged Servitor     Conj/Summ      0%         N/A       100%        7


Dungeon Overview and Level Annotations

Branches:
Dungeon (1/15)

Altars:


Innate Abilities, Weirdness & Mutations

Your natural rate of healing is accelerated.
You have razor-sharp teeth.
You have supernaturally acute eyesight. (SInv)
You are afflicted with vampirism.


Message History

Found a stone staircase leading down.
The goblin shouts!
The endoplasm freezes you.
You are frozen.
The giant cockroach barely misses you. The endoplasm freezes you.
You are frozen.
The giant cockroach closely misses you. The giant cockroach misses you.
The giant cockroach bites you but does no damage.
The quokka bites you.
The giant cockroach bites you but does no damage.
The rat misses you. The giant cockroach barely misses you. The rat bites you.
The giant cockroach bites you but does no damage.
The rat bites you. The giant cockroach closely misses you.
The quokka barely misses you.
The giant cockroach bites you but does no damage.
The endoplasm jiggles.
There is a stone staircase leading down here.
The rat twitches its whiskers.
The giant cockroach bites you but does no damage.
The quokka closely misses you. The giant cockroach closely misses you.
The quokka bites you but does no damage.
The rat bites you. The giant cockroach closely misses you.
The rat bites you but does no damage. The rat bites you but does no damage.
The giant cockroach bites you.
The giant cockroach bites you but does no damage.
The giant cockroach bites you.
* * * LOW HITPOINT WARNING * * *
The goblin closely misses you.
A ball python comes into view.
The kobold shouts!
The goblin shouts!
The ball python hisses angrily.
The quokka bites you.
* * * LOW HITPOINT WARNING * * *
You hear a shout!
The kobold closely misses you.
You hit the kobold but do no damage. The quokka bites you.
You die...

. ###. # .... ...#
#. ...#
...#########.##..#
##....KJ)........#
#...######......S##
.....# ...g..
####..# .#K# #.#
#@# . .# #r######
.. .#
#gB....####... #
#Br..........#
#r.......#####
#.........##
##..........#
.......>....#
.###.........#


You could see a quokka, 2 giant cockroaches, 2 goblins, a ball python, a kobold
and 2 rats.

Vanquished Creatures
  A ball python (D:1)
  A giant cockroach (D:1)
  2 goblins (D:1)
  2 kobolds (D:1)
6 creatures vanquished.

Notes
Turn   | Place    | Note
-------+----------+-------------------------------------------
     0 | D:1      | cyrus the Vampire Necromancer began the quest for the Orb.
     0 | D:1      | Reached XP level 1. HP: 13/13 MP: 3/3
    31 | D:1      | Learned a level 1 spell: Animate Skeleton
   308 | D:1      | Slain by a quokka

Illustrated notes

Levels and vault maps discovered:
D:1:      nicolae_arrival_washed_ashore, layout_rooms, serial_shops, shop, shop,
          shapermc_ecumenical_altar_flowoftime

Action                   || total
-------------------------++-------
Melee: Unarmed           ||    15
       Bite              ||     4
       Punch             ||     1
 Cast: Pain              ||     8
       Animate Skeleton  ||     1
  Use: Scroll            ||     3
Armor: Robe              ||    14
Dodge: Dodged            ||    29

Table legend: (Time is in decaauts)
 A = Elapsed time spent in this place.
 B = Non-inter-level travel time spent in this place.
 C = Inter-level travel time spent in this place.
 D = Time resting spent in this place.
 E = Time spent auto-exploring this place.
 F = Levels seen in this place.
 G = Mean time per level.
                   A        B        C        D        E       F      G
               +--------+--------+--------+--------+--------+-----+--------+
         Total |    308 |    308 |      0 |    141 |     43 |   1 |  308.0 |
       Dungeon |    308 |    308 |      0 |    141 |     43 |   1 |  308.0 |
               +--------+--------+--------+--------+--------+-----+--------+

Top non-repeatable levels by time:
     D:1: 308 daAuts
